Map: Dasan Station LE

Players

yoda - Winner!

  • Race: Protoss Protoss
  • League: Gold

Nickos

  • Race: Terran Terran
  • League: Gold

VOD

Have the link to the VOD?

Description

Time

  • Played on: Sept. 23, 2016, 5:55 a.m.
  • Length: 7:56
Show
View Real Time Build Order
Export as new Build Order

yoda Protoss - Winner!

Build Orders:  

Get SALT Encoding   

  12  0:01  Probe (Chrono Boost)  
  13  0:11  Probe (Chrono Boost)  
  14  0:20  Pylon  
  14  0:22  Probe (Chrono Boost)  
  15  0:38  Probe (Chrono Boost)  
  15  0:40  Gateway  
  16  0:48  Assimilator  
  16  0:49  Probe (Chrono Boost)  
  17  1:02  Gateway  
  18  1:04  Probe (Chrono Boost)  
  18  1:15  Probe (Chrono Boost)  
  19  1:18  Assimilator  
  19  1:30  Probe (Chrono Boost)  
  20  1:41  Probe (Chrono Boost)  
  20  1:43  Cybernetics Core  
  21  1:57  Probe (Chrono Boost)  
  22  2:07  Nexus  
  22  2:08  Probe (Chrono Boost)  
  23  2:20  Warp Gate  
  23  2:38  Pylon  
  23  2:49  Pylon  
  23  2:56  Adept x2  
  23  2:57  Probe (Chrono Boost)  
  28  3:11  Twilight Council  
  28  3:12  Gateway  
  28  3:17  Mothership Core (Chrono Boost)  
  30  3:26  Probe (Chrono Boost)  
  31  3:29  Adept x2  
  35  3:42  Probe (Chrono Boost)  
  35  3:43  Probe (Chrono Boost)  
  37  3:52  Resonating Glaives  
  37  3:53  Robotics Facility  
  37  3:57  Probe (Chrono Boost)  
  38  4:07  Pylon  
  38  4:08  Adept  
  42  4:24  Gateway  
  40  4:37  Probe x2 (Chrono Boost)  
  42  4:40  Warp Prism  
  44  4:49  Adept x3  
  52  5:00  Probe (Chrono Boost)  
  52  5:01  Probe (Chrono Boost)  
  52  5:03  Assimilator  
  52  5:11  Adept x3  
  58  5:21  Pylon  
  58  5:29  Adept  
  60  5:37  Pylon  
  60  5:44  Immortal  
  64  6:01  Gateway  
  64  6:02  Forge  
  64  6:03  Gateway, Probe (Chrono Boost)  
  65  6:05  Gateway  
  65  6:06  Probe (Chrono Boost)  
  66  6:14  Pylon  
  66  6:15  Probe (Chrono Boost)  
  67  6:19  Adept  
  69  6:35  Adept x3  
  75  7:00  Adept  
  75  7:01  Adept x3  
  73  7:25  Adept  
  73  7:26  Adept x2  
  67  7:36  Adept  
  67  7:37  Adept  
  59  7:50  Adept x2  
Show
View Real Time Build Order
Export as new Build Order

Nickos Terran 

Build Orders: MMM Bio 

Get SALT Encoding   

  12  0:01  SCV  
  13  0:13  SCV  
  14  0:18  Supply Depot  
  14  0:25  SCV  
  15  0:39  SCV  
  15  0:40  Barracks  
  16  0:51  SCV  
  17  1:03  SCV  
  18  1:16  Command Center  
  18  1:21  SCV  
  19  1:26  Supply Depot  
  19  1:35  Orbital Command  
  19  1:47  Marine  
  20  2:02  Barracks  
  20  2:03  SCV  
  20  2:05  Marine  
  22  2:17  Bunker  
  22  2:27  SCV  
  22  2:28  Orbital Command  
  23  2:30  Marine  
  24  2:38  Barracks  
  24  2:39  SCV  
  25  2:48  Marine  
  25  2:50  Supply Depot  
  26  2:51  SCV  
  26  2:54  Supply Depot, SCV  
  28  3:03  Supply Depot  
  28  3:04  SCV  
  29  3:06  SCV, Marine  
  29  3:07  Supply Depot, Marine  
  32  3:12  Refinery  
  32  3:14  Refinery  
  32  3:18  SCV  
  33  3:24  Marine  
  33  3:25  Marine  
  35  3:37  SCV x2  
  37  3:42  Barracks Tech Lab  
  36  3:53  SCV x2  
  38  3:57  Barracks Reactor  
  38  4:08  SCV  
  38  4:09  SCV  
  40  4:12  Barracks Reactor  
  40  4:14  Marauder  
  42  4:18  Refinery  
  42  4:20  SCV  
  42  4:21  SCV  
  44  4:28  Stimpack  
  44  4:33  SCV x2  
  44  4:35  Marauder  
  48  4:39  Marine x2  
  50  4:48  SCV x2  
  50  4:49  Marine x2  
  54  4:56  Marine  
  54  4:57  Marine x2  
  54  4:58  Factory  
  54  4:59  Barracks  
  57  5:00  SCV  
  57  5:01  Barracks  
  57  5:07  Marine  
  58  5:08  SCV  
  58  5:13  Marine  
  61  5:14  Marauder  
  61  5:15  Supply Depot  
  61  5:16  Marine  
  61  5:17  Marine  
  61  5:18  SCV  
  61  5:20  SCV  
  67  5:24  Marine  
  68  5:30  SCV  
  68  5:32  SCV  
  70  5:36  Marauder  
  70  5:40  Command Center  
  70  5:41  Factory Reactor  
  72  5:43  Starport  
  72  5:49  Marine x3  
  75  5:51  Barracks Tech Lab, Barracks Reactor  
  75  5:53  Marine  
  75  5:54  SCV x2  
  78  5:57  Marauder  
  80  6:09  Marine x2  
  80  6:10  Marine  
  80  6:11  Marauder  
  85  6:16  Engineering Bay, Marine  
  85  6:18  Engineering Bay  
  86  6:21  Combat Shields  
  86  6:45  SCV x2, Marauder x2, Marine x2  
  94  6:57  SCV x2  
  94  7:01  Marine x4  
  87  7:07  Marauder x2  
  89  7:09  SCV  
  89  7:11  Marine  
  89  7:12  Marine  
  72  7:19  Marine x3  
  77  7:28  Marauder  
  63  7:31  Marine x2  
Tags
 
Composition
MMM Bio
League
GoldGold
Matchup
PvT
Replay Pack
Nickos replay
Add a new tag
Caveats
  • Supply blocks, unpowered buildings, or Contaminate may cause inaccurate times.
  • Supply counts are checked every 10 seconds.